AoeStats
← 888HJ

Arabian Desert

510493905Analyzed
1v1 RM · 20h ago on Oct 1, 2026· 44m 39s· 2 players
Game mode
Random Map
Map size
Tiny (2 player)
Population
200
Speed
Normal
Resources
Standard
Victory
Conquest
Starting age
Dark Age
Ending age
Imperial Age
RankedLock teamsTeams togetherTeam positionsShared explorationLock speedFull tech treeHidden civsTurbo modeCheats
Victory
Defeat
🇩🇪 Persians · Germany
879
+17
🇦🇺 Magyars · Australia
892
-17
nauj mx
7:28 Loom
10:21 Feudal Age
11:11 Double-Bit Axe
13:22 Horse Collar
20:13 Castle Age
19:05 Scale Barding Armor
20:22 Forging
20:09 Gold Mining
20:58 Bloodlines
26:18 Iron Casting
30:38 Gold Shaft Mining
29:58 Stone Mining
30:57 Fletching
32:34 Wheelbarrow
32:47 Crossbowman
33:44 Bodkin Arrow
36:20 Murder Holes
37:14 Ballistics
38:17 Kamandaran
39:46 Padded Archer Armor
40:07 Chain Barding Armor
40:08 Thumb Ring
44:28 Imperial Age
888HJ
8:26 Loom
10:48 Feudal Age
11:50 Town Watch
12:08 Double-Bit Axe
13:00 Horse Collar
17:29 Scale Barding Armor
23:11 Castle Age
22:14 Bloodlines
23:33 Pikeman
31:16 Wheelbarrow
31:51 Heavy Plow
32:09 Bow Saw
37:35 Imperial Age
37:32 Scale Mail Armor
40:28 Fletching
Connection lost

Rejoining the realm…

Still unreachable

The connection could not be restored.

Session expired

The server has moved on; the page needs a fresh start.